AoeStats
← °49¬K<»Šhãdöw

Arena

509380502Analyzed
3v3 RM · 21d ago on Sep 26, 2026· 31m 44s· 6 players
Game mode
Random Map
Map size
Normal (6 player)
Population
200
Speed
Normal
Resources
Standard
Victory
Conquest
Starting age
Dark Age
Ending age
Imperial Age
RankedLock teamsTeams togetherTeam positionsShared explorationLock speedFull tech treeHidden civsTurbo modeCheats
Victory
Defeat
🇪🇸 Teutons · Spain
1228
+12
🇪🇸 Vietnamese · Spain
1168
+14
🇪🇸 Malay · Spain
1149
+15
vs
🇺🇸 Saxons · United States
1158
-15
🇨🇦 Mongols · Canada
1136
-14
🇻🇳 Bohemians · Vietnam
1093
-12
dong
7:08 Loom
11:44 Feudal Age
12:08 Horse Collar
12:16 Double-Bit Axe
16:55 Castle Age
15:18 Gold Mining
17:29 Man-at-Arms
18:41 Gambesons
20:02 Bow Saw
21:04 Scale Mail Armor
20:38 Long Swordsman
23:02 Heavy Plow
23:28 Chain Mail Armor
31:19 Imperial Age
29:28 Fletching
30:17 Wheelbarrow
29:30 Town Watch
[MAD1] killmeifyoucan
10:54 Feudal Age
13:03 Double-Bit Axe
13:40 Gold Mining
16:09 Castle Age
13:58 Horse Collar
15:28 Wheelbarrow
19:10 Loom
19:11 Town Watch
19:44 Hand Cart
28:51 Man-at-Arms
29:31 Squires
29:17 Arson
30:10 Caravan
29:53 Long Swordsman
29:53 Pikeman
°49¬K<»Šhãdöw
10:39 Feudal Age
17:19 Castle Age
15:36 Double-Bit Axe
15:37 Horse Collar
16:03 Arson
18:09 Loom
19:18 Arson
19:34 Squires
18:55 Pikeman
DonQuijote
10:21 Feudal Age
14:03 Castle Age
12:34 Double-Bit Axe
12:29 Horse Collar
13:26 Town Watch
15:06 Bow Saw
15:46 Loom
19:58 Gold Mining
21:58 Wheelbarrow
24:07 Hand Cart
28:45 Imperial Age
26:06 Fletching
26:33 Stone Mining
26:44 Heavy Plow
27:26 Bodkin Arrow
28:15 Stone Shaft Mining
28:30 Forging
28:24 Scale Mail Armor
28:56 Ballistics
28:46 Fortified Wall
30:00 Iron Casting
28:55 Pikeman
30:43 Crenellations
30:38 Siege Engineers
30:49 Chain Mail Armor
30:50 Gambesons
30:48 Capped Ram
30:58 Halberdier
PachiSeg
2:34 Loom
11:22 Feudal Age
15:28 Castle Age
13:56 Double-Bit Axe
14:19 Horse Collar
24:40 Wheelbarrow
27:45 Heavy Plow
27:37 Gold Mining
27:59 Bow Saw
31:50 Imperial Age
30:11 Forging
30:07 Scale Barding Armor
31:31 Iron Casting
Orvalar
11:44 Feudal Age
14:04 Wheelbarrow
15:57 Castle Age
14:24 Double-Bit Axe
14:22 Horse Collar
16:13 Scale Mail Armor
17:06 Bow Saw
20:13 Forging
20:02 Town Watch
21:24 Chain Mail Armor
21:37 Forging
22:46 Squires
22:54 Heavy Plow
27:30 Gold Mining
30:32 Scale Barding Armor
31:03 Iron Casting
33:25 Imperial Age
31:13 Bloodlines
32:22 Iron Casting
Connection lost

Rejoining the realm…

Still unreachable

The connection could not be restored.

Session expired

The server has moved on; the page needs a fresh start.